 Dungeon Crawl Stone Soup version 0.30-a0-576-g89cddaab80 (webtiles) character file.

Game seed: 13911805376995539246

4 Shayle the Conjurer (level 1, -2/12 HPs)
             Began as a Tengu Reaver on Dec 30, 2022.
             Slain by a quokka (3 damage)
             ... on level 1 of the Dungeon.
             The game lasted 00:00:22 (64 turns).

Shayle the Conjurer (Tengu Reaver)                    Turns: 64, Time: 00:00:22

Health: -2/12      AC:  3    Str: 12    XL:     1   Next: 60%
Magic:  4/4        EV: 11    Int: 13    God:
Gold:   0          SH:  0    Dex: 12    Spells: 3/4 levels left

rFire   . . .      SeeInvis .    a - +0 short sword
rCold   . . .      Faith    .    (no shield)
rNeg    . . .      Spirit   .    b - +0 leather armour
rPois   .          Reflect  .    (helmet restricted)
rElec   .          Harm     .    (no cloak)
rCorr   .          Rampage  .    (no gloves)
Will    .....                    (boots unavailable)
Stlth   +                        (no amulet)
HPRegen 0.22/turn                (no ring)
MPRegen 0.09/turn                (no ring)

@: no status effects
A: beak, talons 3
a: no special abilities


You were on level 1 of the Dungeon.
You visited 1 branch of the dungeon, and saw 1 of its levels.

Inventory:

Hand Weapons
 a - a +0 short sword (weapon)
Armour
 b - a +0 leather armour (worn)
Scrolls
 c - a scroll of identify {unknown}


   Skills:
 + Level 2.0 Fighting
 - Level 3.2 Short Blades
 + Level 2.2 Dodging
 + Level 0.2 Stealth
 - Level 2.0 Spellcasting
 - Level 4.0 Conjurations
 + Level 0.2 Necromancy
 + Level 0.1 Earth Magic


You had 3 spell levels left.
You knew the following spells:

 Your Spells              Type           Power      Damage    Failure   Level
a - Kiss of Death         Conj/Necr      24%        2d7       14%         1

Your spell library contained the following spells:

 Spells                   Type           Power      Damage    Failure   Level
 Momentum Strike          Conj/Tloc      12%        3d8       22%         2
 Hailstorm                Conj/Ice       6%         3d4       38%         3


Dungeon Overview and Level Annotations

Branches:
Dungeon (1/15)

Altars:


Innate Abilities, Weirdness & Mutations

You have a beak for a mouth.
You have claws for feet.


Message History

The bat barely misses you. The rat misses you.
You barely miss the rat. Your kick misses the rat. Your peck misses the rat.
The bat barely misses you. The bat hits you but does no damage. x2
The rat bites you. The rat attacks as you move away!
The rat closely misses you. The bat barely misses you.
The bat attacks as you move away! The bat closely misses you.
The bat barely misses you. The bat attacks as you move away!
The bat barely misses you. The bat completely misses you.
You hit the bat.
You kill the bat!
The rat closely misses you.
You see here a bat corpse.
You hit the rat but do no damage. You claw the rat.
You kill the rat!
A goblin comes into view. It is wielding a +0 club.
The goblin shouts!
Found a scroll labelled JIF SOEPNOCK.
You see here 10 gold pieces.
You closely miss the goblin. Your kick misses the goblin.
A quokka comes into view.
The goblin hits you with a +0 club.
You hit the goblin. You peck the goblin, but do no damage.
The goblin is heavily wounded.
You barely miss the goblin.
The goblin is heavily wounded.
The goblin hits you with a +0 club.
You closely miss the goblin. You claw the goblin, but do no damage.
The goblin is heavily wounded.
The goblin hits you with a +0 club.
You barely miss the goblin. Your kick misses the goblin.
The goblin is heavily wounded.
The goblin hits you with a +0 club.
* * * LOW HITPOINT WARNING * * *
You hit the goblin.
You kill the goblin!
The quokka twitches its whiskers.
The quokka bites you.
You die...

............#
#...........#
#...........#
#...........####
#..............#
#....?.!.......#
#..............#
#......$@r..!...
###########.........
####....## #.........
##........# #.........
..........#####.........
..##†...#...............
#####.....###.#########.
# #....## #.# ##....##
#.#


You could see a quokka.

Vanquished Creatures
  A goblin (D:1)
  A quokka (D:1)
  A bat (D:1)
  A rat (D:1)
4 creatures vanquished.

Notes
Turn   | Place    | Note
-------+----------+-------------------------------------------
     0 | D:1      | Shayle the Tengu Reaver began the quest for the Orb.
     0 | D:1      | Reached XP level 1. HP: 12/12 MP: 4/4
    64 | D:1      | Slain by a quokka

Illustrated notes

Levels and vault maps discovered:
D:1:      dpeg_arrival_round_b, layout_basic

Action                   || total
-------------------------++-------
Melee: Short sword       ||    11
       Kick              ||     3
       Peck              ||     1
Armor: Leather armour    ||     2
Dodge: Dodged            ||    11

Table legend: (Time is in decaauts)
 A = Elapsed time spent in this place.
 B = Non-inter-level travel time spent in this place.
 C = Inter-level travel time spent in this place.
 D = Time resting spent in this place.
 E = Time spent auto-exploring this place.
 F = Levels seen in this place.
 G = Mean time per level.
                   A        B        C        D        E       F      G
               +--------+--------+--------+--------+--------+-----+--------+
         Total |     62 |     62 |      0 |      0 |     32 |   1 |   62.0 |
       Dungeon |     62 |     62 |      0 |      0 |     32 |   1 |   62.0 |
               +--------+--------+--------+--------+--------+-----+--------+

Top non-repeatable levels by time:
     D:1: 62 daAuts
